Map: Cyber Forest LE

Players

McBaldroe - Winner!

  • Race: Zerg Zerg
  • League: Master
  • Spawn Location: 5:00

VOD

Have the link to the VOD?

Description

Time

  • Played on: March 15, 2019, 7:09 p.m.
  • Length: 10:08
Show
View Real Time Build Order
Export as new Build Order

McBaldroe Zerg - Winner!

Build Orders: Hatch First 

Get SALT Encoding   

  12  0:02  Drone  
  12  0:13  Overlord  
  12  0:18  Drone  
  12  0:32  Drone x2  
  12  0:51  Hatchery  
  12  0:54  Drone  
  12  0:58  Drone  
  12  1:02  Drone  
  12  1:12  Extractor  
  12  1:18  Spawning Pool  
  12  1:22  Drone  
  12  1:25  Drone  
  12  1:30  Drone  
  12  1:40  Drone  
  12  1:52  Drone  
  12  2:04  Queen  
  12  2:05  Queen  
  12  2:06  Zergling x4  
  12  2:21  Hatchery  
  12  2:26  Overlord  
  12  2:29  Drone  
  12  2:31  Drone  
  12  2:36  Metabolic Boost  
  12  2:46  Drone x3  
  12  2:51  Overlord  
  12  2:58  Queen  
  12  3:01  Drone  
  12  3:03  Drone  
  12  3:06  Drone  
  12  3:11  Overlord  
  12  3:15  Drone x2  
  12  3:17  Drone  
  12  3:22  Overlord  
  12  3:24  Drone  
  12  3:25  Drone  
  12  3:30  Drone  
  12  3:33  Drone  
  12  3:36  Queen  
  12  3:41  Queen  
  12  3:46  Overlord  
  12  3:51  Drone  
  12  3:54  Zergling x6  
  12  3:55  Zergling x2  
  12  3:56  Zergling x2  
  12  3:58  Zergling x2  
  12  4:01  Overlord  
  12  4:03  Drone  
  12  4:04  Drone  
  12  4:09  Drone  
  12  4:10  Drone x2  
  12  4:16  Drone x4  
  12  4:21  Queen  
  12  4:26  Queen  
  12  4:29  Drone x2  
  12  4:31  Drone  
  12  4:32  Drone  
  12  4:33  Drone  
  12  4:39  Evolution Chamber  
  12  4:41  Evolution Chamber  
  12  4:42  Overlord  
  12  4:43  Overlord  
  12  4:47  Spore Crawler  
  12  4:49  Spore Crawler  
  12  4:51  Drone x3  
  12  4:52  Drone  
  12  4:58  Drone x4  
  12  4:59  Drone  
  12  5:07  Drone x6  
  12  5:10  Extractor  
  12  5:11  Extractor  
  12  5:15  Zerg Ground Armor Level 1, Zerg Melee Weapons Level 1  
  12  5:17  Drone  
  12  5:18  Drone  
  12  5:20  Overlord  
  12  5:30  Drone  
  12  5:31  Drone x5  
  12  5:38  Overlord x2  
  12  5:40  Lair  
  12  5:45  Baneling Nest  
  12  5:46  Drone x3  
  12  5:50  Hatchery  
  12  5:56  Extractor  
  12  5:57  Extractor  
  12  5:58  Zergling x8  
  12  5:59  Zergling x2, Hatchery  
  12  6:00  Zergling x2  
  12  6:10  Zergling x2  
  12  6:11  Zergling x18  
  12  6:19  Overlord  
  12  6:25  Drone x3  
  12  6:29  Drone x3  
  12  6:32  Drone  
  12  6:37  Drone x2  
  12  6:42  Drone x3  
  12  6:45  Centrifical Hooks  
  12  6:47  Overlord  
  12  6:48  Overlord  
  12  6:49  Drone x3, Hydralisk Den  
  12  6:52  Overlord  
  12  6:58  Baneling x6  
  12  6:59  Baneling x3  
  12  7:00  Overlord x2  
  12  7:01  Overlord  
  12  7:06  Zergling x2  
  12  7:07  Zergling x6  
  12  7:11  Zergling x4  
  12  7:14  Zergling x2  
  12  7:15  Zergling x4  
  12  7:16  Zerg Ground Armor Level 2, Zerg Melee Weapons Level 2  
  12  7:18  Muscular Augments  
  12  7:20  Overlord  
  12  7:24  Hydralisk x3  
  12  7:25  Hydralisk x2  
  12  7:43  Hydralisk x5  
  12  7:45  Zergling x2  
  12  7:46  Zergling x16  
  12  7:47  Baneling x2  
  12  7:48  Baneling  
  12  7:54  Extractor x2  
  12  8:00  Overlord  
  12  8:03  Drone  
  12  8:04  Drone x2  
  12  8:06  Hydralisk x3  
  12  8:07  Zergling x2, Hydralisk x2  
  12  8:08  Zergling x8  
  12  8:10  Baneling  
  12  8:13  Hatchery  
  12  8:30  Grooved Spines  
  12  8:31  Zergling x30  
  12  8:35  Baneling x7  
  12  8:37  Hydralisk  
  12  8:39  Hydralisk x2  
  12  8:43  Hydralisk  
  12  8:44  Hydralisk x3  
  12  8:47  Zergling x2  
  12  8:48  Baneling  
  12  8:49  Baneling x3  
  12  9:15  Infestation Pit  
  12  9:19  Baneling x6  
  12  9:28  Drone  
Tags
 
Add a new tag
Caveats
  • Supply blocks, unpowered buildings, or Contaminate may cause inaccurate times.
  • Supply counts are checked every 10 seconds.